 Dungeon Crawl Stone Soup version 0.29.1-12-g30fa7ad0bf (webtiles) character file.

Game seed: 3764490995649923074

3035 fantasyman the Covered (level 9, -6/112 HPs)
             Began as a Demigod Fighter on Dec 20, 2022.
             Killed by nerve-wracking pain
             ... invoked by an orc priest
              (11 damage)
             ... on level 8 of the Dungeon.
             The game lasted 00:09:35 (10676 turns).

fantasyman the Covered (Demigod Fighter)           Turns: 10676, Time: 00:09:36

Health: -6/112     AC: 20    Str: 25    XL:     9   Next: 31%
Magic:  11/11      EV:  5    Int: 10    God:
Gold:   350        SH: 11    Dex: 17    Spells: 8/8 levels left

rFire   . . .      SeeInvis .   q - +3 hammer
rCold   . . .      Faith    .   g - +1 kite shield
rNeg    . . .      Spirit   .   n - +0 plate armour
rPois   +          Reflect  .   f - +2 hat
rElec   .          Harm     .   c - +0 cloak
rCorr   .          Rampage  .   (no gloves)
Will    .....      Clarity  +   (no boots)
Stlth   ..........              (no amulet)
HPRegen 0.00/turn               r - ring of Shadows {Umbra +Inv Stlth+}
MPRegen 0.12/turn               p - +4 ring of protection

@: berserking, inhibited regen, wreathed by umbra, very quick
A: high MP 1, forlorn, divine attributes, clarity, poison resistance, inhibited
regeneration, noise suppression
a: Evoke Invisibility


You were on level 8 of the Dungeon.
You visited 1 branch of the dungeon, and saw 8 of its levels.

You collected 350 gold pieces.

Inventory:

Hand Weapons
 a - a +1 war axe
 i - a +0 hand axe
 q - a +3 hammer (weapon)
 s - a +1 mace of holy wrath
Armour
 c - a +0 cloak (worn)
 f - a +2 hat (worn)
 g - a +1 kite shield (worn)
 n - a +0 plate armour (worn)
Jewellery
 p - a +4 ring of protection (right hand)
 r - the ring of Shadows (left hand) {Umbra +Inv Stlth+}
   (You found it on level 4 of the Dungeon)

   [ring of stealth]

   It surrounds you with an aura of shadow, increasing your stealth and reducing
   the accuracy of all others within it.
   +Inv:      It lets you turn invisible.
   Stlth:     It makes you more stealthy.
Wands
 y - a wand of flame (28)
Scrolls
 e - a scroll of vulnerability
 k - 2 scrolls of immolation
 l - a scroll of magic mapping
 m - 3 scrolls of identify
 o - a scroll of enchant weapon
 v - a scroll of enchant armour
 x - 3 scrolls of butterflies {unknown}
 z - a scroll of silence
Potions
 b - a potion of flight
 d - a potion of might
 h - 3 potions of attraction
 j - a potion of ambrosia {unknown}
 t - a potion of brilliance {unknown}
 u - a potion of degeneration {unknown}
 w - a potion of berserk rage
 A - a potion of heal wounds {unknown}


   Skills:
 + Level 5.9 Fighting
 - Level 5.1 Axes
 + Level 7.0 Armour
 - Level 0.1 Dodging
 * Level 5.0 Stealth
 + Level 6.4 Shields


You had 8 spell levels left.
You didn't know any spells.
Your spell library contained the following spells:

 Spells                   Type           Power      Damage    Failure   Level
 Magic Dart               Conj           0%         1d3       100%        1
 Necrotise                Necr           0%         1d4       100%        1
 Blink                    Tloc           0%         N/A       100%        2
 Searing Ray              Conj           0%         2d4       100%        2
 Sublimation of Blood     Necr           0%         N/A       100%        2
 Wereblood                Tmut           0%         N/A       100%        2
 Lesser Beckoning         Tloc           0%         N/A       100%        3
 Vampiric Draining        Necr           0%         2d6       100%        3
 Fulminant Prism          Conj/Hex       0%         3d6       100%        4
 Agony                    Necr           0%         N/A       100%        5
 Manifold Assault         Tloc           0%         N/A       100%        5
 Summon Hydra             Summ           0%         N/A       100%        7


Dungeon Overview and Level Annotations

Branches:
Dungeon (8/15)             Temple (0/1) D:7
   Lair: D:8-11


Innate Abilities, Weirdness & Mutations

You have an increased reservoir of magic. (+10% MP)
You shall have no god before yourself.
Your divine heritage dramatically boosts your attributes as you level up.
You possess an exceptional clarity of mind.
Your system is resistant to poisons. (rPois)
You do not regenerate when monsters are visible.
You passively dampen the noise of your surroundings.


Message History

Reactivating autopickup.
You feel a bit more experienced.
Your Armour skill increases to level 7!
Your Stealth skill increases to level 5!
You sock the orc!
You kill the orc!
An orc priest comes into view. It is wielding a +0 mace.
The orc hits you but does no damage.
The orc priest moves out of view.
You hit the orc.
The orc is heavily wounded.
The orc hits you but does no damage.
You sock the orc!
You kill the orc!
The orc priest calls down the wrath of Beogh upon you.
Beogh smites you!
Items here: ))) [[ ††.
You block the orc warrior's attack.
Items here: $ )) = ?? [ ††.
The orc warrior hits you but does no damage.
The orc priest mumbles some strange prayers to Beogh against you.
Beogh smites you!
Items here: ))) [[ ††.
The orc warrior attacks as you move away!
The orc warrior hits you with a +0 war axe!
* * * LOW HITPOINT WARNING * * *
Items here: )) [ †.
The orc warrior attacks as you move away!
You block the orc warrior's attack.
A red film seems to cover your vision as you go berserk!
You feel yourself moving faster!
You feel mighty! You block the orc warrior's attack.
You sock the orc warrior!
The orc warrior is heavily wounded.
The orc warrior hits you with a +0 war axe!
* * * LOW HITPOINT WARNING * * *
You bludgeon the orc warrior!!
You kill the orc warrior!
The orc priest calls down the wrath of Beogh upon you.
Pain shoots through your body!
You die...

#...## ##...#
###.........
#....## #....#
#....####......
#.#...###...##
#...... ###....
#..###).#....#
....... ###..
#.. ##....###
....... ### #.
##...###
....... #. ..
###...##
....... #.. .
###..###.......
..#
##)))@.......
###).####......
##.o))# ....#
#.[...# ..##
..........## ##
..........#
.{.......##
.........#
..###....#


You could see an orc priest.

Vanquished Creatures
  Pikel (D:8)
  Sigmund (D:5)
  A wyvern (D:8)
  A wraith (D:6)
  2 steam dragons
  A water moccasin (D:5)
  2 orc warriors
  2 black bears
  An ice beast (D:7)
  A sky beast (D:7)
  3 ogres
  A centaur (D:6)
  2 lemures
  A phantom (D:7)
  A bullfrog (D:7)
  A scorpion (D:6)
  A jelly (D:4)
  A hound (D:6)
  Crazy Yiuf (D:5)
  Natasha (thrice) (D:2)
  Terence (D:3)
  4 iguanas
  7 orc wizards
  17 adders
  A shadow imp (D:6)
  A white imp (D:7)
  An ufetubus (D:6)
  3 worms
  3 dart slugs
  27 orcs
  9 ball pythons
  4 endoplasms
  2 giant cockroaches
  8 goblins
  3 hobgoblins
  3 quokkas
  6 bats
  2 frilled lizards
  9 kobolds
  5 rats
144 creatures vanquished.

Vanquished Creatures (others)
  An orc wizard (D:6)
1 creature vanquished.

Grand Total: 145 creatures vanquished

Notes
Turn   | Place    | Note
-------+----------+-------------------------------------------
     0 | D:1      | fantasyman the Demigod Fighter began the quest for the Orb.
     0 | D:1      | Reached XP level 1. HP: 18/18 MP: 3/3
   384 | D:1      | Reached XP level 2. HP: 21/25 MP: 4/4
   802 | D:1      | Reached skill level 3 in Armour
  1191 | D:2      | Noticed Natasha
  1201 | D:2      | Killed Natasha
  1202 | D:2      | Reached XP level 3. HP: 8/31 MP: 5/5
  1591 | D:2      | Noticed Natasha
  1602 | D:2      | Killed Natasha
  1804 | D:2      | Reached XP level 4. HP: 38/38 MP: 6/6
  2055 | D:2      | Noticed Natasha
  2064 | D:2      | Killed Natasha
  2946 | D:3      | Noticed Terence
  2958 | D:3      | Killed Terence
  2998 | D:3      | Reached XP level 5. HP: 45/45 MP: 7/7
  3106 | D:3      | Noticed a black bear
  3132 | D:3      | Gained mutation: Your system is resistant to poisons.
                  | (rPois) [potion of mutation]
  3132 | D:3      | Gained mutation: You possess an exceptional clarity of
                  | mind. [potion of mutation]
  3132 | D:3      | Gained mutation: You do not regenerate when monsters are
                  | visible. [potion of mutation]
  3132 | D:3      | Gained mutation: You passively dampen the noise of your
                  | surroundings. [potion of mutation]
  3135 | D:3      | Killed a black bear
  3436 | D:3      | Reached XP level 6. HP: 52/52 MP: 8/8
  3607 | D:3      | Reached skill level 4 in Armour
  4141 | D:4      | Found the ring of Shadows {Umbra +Inv Stlth+}
  4214 | D:4      | Identified the +7 dagger of Woe {freeze, Will+}
  4759 | D:5      | Entered Level 5 of the Dungeon
  5237 | D:5      | Reached skill level 5 in Axes
  5727 | D:5      | Noticed Sigmund
  5743 | D:5      | Killed Sigmund
  5744 | D:5      | Reached skill level 1 in Stealth
  5744 | D:5      | Reached XP level 7. HP: 38/60 MP: 9/9
  5891 | D:5      | Reached skill level 5 in Armour
  6320 | D:5      | Found a runed translucent door.
  6321 | D:5      | Noticed Crazy Yiuf
  6405 | D:5      | Killed Crazy Yiuf
  6451 | D:6      | Noticed a steam dragon
  6482 | D:6      | Killed a steam dragon
  7190 | D:6      | Reached XP level 8. HP: 36/67 MP: 10/10
  7948 | D:6      | Identified the +4 rapier "Arbiter" {vorpal, Int+2}
  7972 | D:6      | Reached skill level 5 in Fighting
  8782 | D:7      | Reached skill level 6 in Armour
  8782 | D:7      | Reached skill level 5 in Shields
  9752 | D:7      | Found a staircase to the Ecumenical Temple.
  9923 | D:8      | Noticed Pikel
  9992 | D:8      | Killed Pikel
  9993 | D:8      | Reached XP level 9. HP: 39/75 MP: 11/11
 10666 | D:8      | Reached skill level 7 in Armour
 10666 | D:8      | Reached skill level 5 in Stealth
 10675 | D:8      | HP: 5/112 [orc warrior/+0 war axe (15)]
 10676 | D:8      | Killed from afar by an orc priest

Illustrated notes

Levels and vault maps discovered:
D:1:      minmay_arrival_diagonal_passages, layout_basic, minmay_misc_feat_alley
D:2:      layout_loops_cross, uniq_natasha
D:3:      layout_rooms, trog_book, grunt_ministairs_1, uniq_terence
D:4:      layout_loops_ring
D:5:      layout_basic, serial_bayou_pond_e, minmay_liquid_box,
          uniq_crazy_yiuf_cottage, uniq_sigmund
D:6:      layout_basic, nicolae_wu_jian_glorious_leap
D:7:      layout_loops_corners, minmay_temple_entry_mini_moons
D:8:      layout_cave_pods, mainiacjoe_overflow_concentric_impassable,
          uniq_erica, uniq_gastronok, uniq_pikel

Skill      XL: |  1  2  3  4  5  6  7  8  9 |
---------------+----------------------------+-----
Axes           | 2 3 4 5 |  5.1
Fighting       | 3 4 5 |  5.9
Armour         | 3 4 5 6 7 |  7.0
Shields        | 3 4 6 |  6.4
Stealth        | 1 2 4 5 |  5.0
Dodging        | |  0.1

Action                   |  1- 3 |  4- 6 |  7- 9 || total
-------------------------+-------+-------+-------++-------
Melee: War axe           |    57 |   180 |    28 ||   265
       Hand axe          |    18 |       |       ||    18
       Mace              |       |       |   300 ||   300
  Use: Scroll            |       |    10 |     1 ||    11
       Potion            |       |     7 |     3 ||    10
Armor: Scale mail        |    27 |    12 |       ||    39
       Plate armour      |       |    95 |   287 ||   382
       Skin              |       |    10 |       ||    10
Dodge: Dodged            |    33 |    50 |    75 ||   158
Block: Buckler           |    18 |    23 |       ||    41
       Kite shield       |       |    45 |   245 ||   290
